 Dungeon Crawl Stone Soup version 0.29-a0-337-g68df138881 (webtiles) character file.

Game seed: 7621348661836050047

39 zeratav the Conjurer (level 3, -5/21 HPs)
             Began as an Octopode Conjurer on Apr 16, 2022.
             Killed from afar by Natasha (9 damage)
             ... with a magic dart
             ... on level 2 of the Dungeon.
             The game lasted 00:01:20 (1111 turns).

zeratav the Conjurer (Octopode Conjurer)            Turns: 1111, Time: 00:01:20

Health: -5/21      AC:  1    Str:  6    XL:     3   Next: 45%
Magic:  3/6        EV: 13    Int: 22    God:
Gold:   85         SH:  0    Dex: 10    Spells: 5/6 levels left

rFire   . . .      SeeInvis .   b - +0 dagger {short}
rCold   . . .      Faith    .   (no shield)
rNeg    . . .      Spirit   .   (helmet restricted)
rPois   .          Reflect  .   (no amulet)
rElec   .          Harm     .   (no ring)
rCorr   .          Rampage  .   (no ring)
Will    .....                   (no ring)
Stlth   +++.......              (no ring)
HPRegen 0.07/turn               (no ring)
MPRegen 0.10/turn               (no ring)
                                (no ring)
                                (no ring)

@: very slightly contaminated
A: almost no armour, amphibious, 8 rings, camouflage 1, gelatinous body 1,
(nimble swimmer 1), tentacles
a: no special abilities


You were on level 2 of the Dungeon.
You visited 1 branch of the dungeon, and saw 2 of its levels.

You collected 85 gold pieces.


Innate Abilities, Weirdness & Mutations

You cannot wear most types of armour.
You are amphibious.
You can wear up to eight rings at the same time.
Your skin changes colour to match your surroundings (Stealth+).
Your rubbery body absorbs attacks. (AC +1, EV +1)
((You are camouflaged when in or above water. (Stealth+)))
You have tentacles for arms and can constrict up to eight enemies at once.


   Skills:
 - Level 2.0 Dodging
 - Level 2.6 Stealth
 + Level 2.1 Spellcasting
 * Level 5.1 Conjurations


You had 5 spell levels left.
You knew the following spells:

 Your Spells              Type           Power      Damage    Failure   Level
a - Magic Dart            Conj           96%        1d7       1%          1

Your spell library contained the following spells:

 Spells                   Type           Power      Damage    Failure   Level
 Searing Ray              Conj           48%        2d6       2%          2
 Dazzling Flash           Conj/Hex       26%        N/A       14%         3
 Fulminant Prism          Conj/Hex       6%         3d7       43%         4
 Iskenderun's Mystic Bla  Conj/Tloc      13%        2d5       43%         4

Inventory:

Hand Weapons
 b - a +0 dagger (weapon) {short}
   (You took it off a goblin on level 1 of the Dungeon)
Scrolls
 d - a scroll of magic mapping {unknown}
 g - a scroll of blinking {unknown}
 h - a scroll of immolation {unknown}
 i - a scroll of vulnerability {unknown}
Potions
 a - 2 potions of magic
 c - a potion of heal wounds {unknown}
 e - a potion of might {unknown}
 f - a potion of resistance {unknown}

Dungeon Overview and Level Annotations

Branches:
Dungeon (2/15)

Altars:

Annotations:
D:2 Natasha

#..# #..#
#..# #..#
#.###..######
#............
#####..######
#..# #@.#
......h..#
##########


You could see Natasha.


Message History

You can't see any susceptible monsters within range! (Use Z to cast anyway.)
You now have 51 gold pieces (gained 12).
A goblin comes into view. It is wielding a +0 club.
MP[+5]
Your mp is fully restored (6).
The magic dart hits the goblin.
You kill the goblin!
MP[-1]
You lost 1 mp, and now have 5/6 mp.
You can't see any susceptible monsters within range! (Use Z to cast anyway.)
You can't see any susceptible monsters within range! (Use Z to cast anyway.)
You can't see any susceptible monsters within range! (Use Z to cast anyway.)
An adder comes into view.
MP[+1]
Your mp is fully restored (6).
The magic dart hits the adder.
The adder hisses angrily.
MP[-1]
You lost 1 mp, and now have 5/6 mp.
The magic dart hits the adder.
You kill the adder!
Training target 5.0 for Conjurations reached!
Your Conjurations skill increases to level 5!
You need to enable at least one skill for training.
MP[-1]
You lost 1 mp, and now have 4/6 mp.
Things that are here:
a +0 club {mace}; a +0 hunting sling {sling}; 15 stones {throwing} MP[+2]
Your mp is fully restored (6).
A quokka comes into view.
A quokka is nearby!
The magic dart hits the quokka.
You kill the quokka!
MP[-1]
You lost 1 mp, and now have 5/6 mp.
You can't see any susceptible monsters within range! (Use Z to cast anyway.)
A goblin comes into view. It is wielding a +0 dagger.
MP[+1]
Your mp is fully restored (6).
The magic dart hits the goblin.
You kill the goblin!
MP[-1]
You lost 1 mp, and now have 5/6 mp.
You can't see any susceptible monsters within range! (Use Z to cast anyway.)
You can't see any susceptible monsters within range! (Use Z to cast anyway.)
Found a stone staircase leading down.
MP[+1]
Your mp is fully restored (6).
You see here a +0 falchion {long}.
You see here a quokka corpse.
You now have 70 gold pieces (gained 19).
You now have 85 gold pieces (gained 15).
A ball python comes into view.
The magic dart hits the ball python.
MP[-1]
You lost 1 mp, and now have 5/6 mp.
The magic dart hits the ball python.
You kill the ball python!
MP[-1]
You lost 1 mp, and now have 4/6 mp.
You can't see any susceptible monsters within range! (Use Z to cast anyway.) Natasha, Servant of Life and Death comes into view.
MP[+2]
Your mp is fully restored (6).
The magic dart hits Natasha.
Natasha hisses angrily.
MP[-1]
You lost 1 mp, and now have 5/6 mp.
You miscast Magic Dart.
You are very lightly contaminated with residual magic.
Nothing appears to happen.
MP[-1]
You lost 1 mp, and now have 4/6 mp.
The magic dart hits Natasha.
Natasha stares at you and mumbles some strange words.
The magic dart hits you.
HP[-6] MP[-1]
You take 6 damage, and now have 15/21 hp.
MASSIVE DAMAGE!! (PAUSE)
You lost 1 mp, and now have 3/6 mp.
You are too injured to fight recklessly!
You are too injured to fight recklessly!
You hit Natasha but do no damage. Your grab misses Natasha. Natasha misses you.
You hit Natasha but do no damage. You grab Natasha. You constrict Natasha.
Natasha claws you!
* * * LOW HITPOINT WARNING * * *
HP[-8]
You take 8 damage, and now have 7/21 hp.
MASSIVE DAMAGE!! (PAUSE)
You barely miss Natasha. You squeeze Natasha.
You constrict Natasha, but do no damage.
Natasha claws you.
* * * LOW HITPOINT WARNING * * *
HP[-3]
You take 3 damage, and now have 4/21 hp.
You hit Natasha but do no damage. You squeeze Natasha! You constrict Natasha.
Natasha casts a spell at you. The magic dart hits you!
You die...

Skill      XL: |  1  2  3 |
---------------+----------+-----
Conjurations   | 5 |  5.1
Dodging        | |  2.0
Stealth        | |  2.6
Spellcasting   | |  2.1

Action                   || total
-------------------------++-------
Melee: Dagger            ||     7
       Tentacles         ||     3
       Constrict         ||     2
 Cast: Magic Dart        ||    45
Dodge: Dodged            ||     4

Levels and vault maps discovered:
D:1:      elethiomel_arrival_quiet, layout_rooms, fountainhead,
          minmay_misc_feat_tower
D:2:      layout_loops_ring, nicolae_ecumenical_oubliette,
          hangedman_abyss_or_decor_lesser_grid, hangedman_decor_clover_reticule,
          minmay_tripent, uniq_natasha, uniq_robin, uniq_jessica

Notes
Turn   | Place    | Note
-------+----------+-------------------------------------------
     0 | D:1      | zeratav the Octopode Conjurer began the quest for the Orb.
     0 | D:1      | Reached XP level 1. HP: 11/11 MP: 3/3
     0 | D:1      | magus.rc [v1.9.6]
   213 | D:1      | Reached XP level 2. HP: 17/17 MP: 0/5
   883 | D:2      | Reached XP level 3. HP: 21/21 MP: 3/6
   969 | D:2      | Reached skill level 5 in Conjurations
  1104 | D:2      | Noticed Natasha
  1110 | D:2      | HP: 4/21 [Natasha (4)]
  1111 | D:2      | Killed from afar by Natasha

Vanquished Creatures
  An adder (D:2)
  An endoplasm (D:1)
  2 giant cockroaches
  6 goblins
  A hobgoblin (D:1)
  4 kobolds
  3 quokkas
  3 ball pythons
  2 bats (D:1)
  3 frilled lizards (D:1)
  A rat (D:1)
27 creatures vanquished.

Table legend:
 A = Non-vault XP
 B = Vault XP
 C = Vault XP percentage of total XP
 D = Non-vault monster count
 E = Vault monster count
 F = Vault count percentage of total count
                 A         B        C        D         E       F
            +---------+---------+-------+---------+---------+-------
      Total |      56 |       0 |   0.0 |      27 |       0 |   0.0
            +---------+---------+-------+---------+---------+-------
        D:1 |      30 |       0 |   0.0 |      19 |       0 |   0.0
        D:2 |      26 |       0 |   0.0 |       8 |       0 |   0.0
            +---------+---------+-------+---------+---------+-------

Illustrated notes

Table legend:
 A = Kills in this place as a percentage of kills in entire the game.
 B = Kills by you in this place as a percentage of kills by you in the entire game.
 C = Kills by friends in this place as a percentage of kills by friends in the entire game.
 D = Other kills in this place as a percentage of other kills in the entire game.
 E = Experience gained in this place as a percentage of experience gained in the entire game.
 F = Experience gained in this place divided by the number of levels of this place that you have seen.
                   A       B       C       D       E      F
               +-------+-------+-------+-------+-------+----------------------
         Total | 100.0 | 100.0 |   N/A |   N/A | 100.0 |  28.0
       Dungeon | 100.0 | 100.0 |   N/A |   N/A | 100.0 |  28.0
               +-------+-------+-------+-------+-------+----------------------

Table legend: (Time is in decaauts)
 A = Elapsed time spent in this place.
 B = Non-inter-level travel time spent in this place.
 C = Inter-level travel time spent in this place.
 D = Time resting spent in this place.
 E = Time spent auto-exploring this place.
 F = Levels seen in this place.
 G = Mean time per level.
                   A        B        C        D        E       F      G
               +--------+--------+--------+--------+--------+-----+--------+
         Total |   1110 |   1088 |     22 |      0 |    986 |   2 |  555.0 |
       Dungeon |   1110 |   1088 |     22 |      0 |    986 |   2 |  555.0 |
               +--------+--------+--------+--------+--------+-----+--------+

Top non-repeatable levels by time:
     D:1: 837 daAuts
     D:2: 272 daAuts
